 Dungeon Crawl Stone Soup version 0.29.0-4-gdea44cf6ec (webtiles) character file.

Game seed: 7905983145460390131

205 qw the Ruffian (level 5, -1/41 HPs)
             Began as a Ghoul Fire Elementalist on Aug 29, 2022.
             Slain by an orc wizard
             ... wielding a +2 dagger of flaming
              (2 damage)
             ... on level 2 of the Dungeon.
             The game lasted 00:02:11 (3042 turns).

qw the Ruffian (Ghoul Fire Elementalist)            Turns: 3042, Time: 00:02:12

Health: -1/41      AC: 11    Str: 14      XL:     5   Next: 83%
Magic:  6/6        EV:  4    Int:  8 (10) God:
Gold:   103        SH:  0    Dex:  8 (9)  Spells: 6/7 levels left

rFire   . . .      SeeInvis .     - Unarmed
rCold   + . .      Faith    .   (no shield)
rNeg    + + +      Spirit   .   h - +0 plate armour
rPois   inf        Reflect  .   (no helmet)
rElec   .          Harm     .   (no cloak)
rCorr   .          Rampage  .   (no gloves)
Will    .....                   i - +0 pair of boots
Stlth   ..........              (no amulet)
HPRegen 0.00/turn               (no ring)
MPRegen 0.10/turn               (no ring)

@: confused, inhibited regen
A: claws 1, cold resistance 1, negative energy resistance 3, inhibited
regeneration, torment resistance 2, devour on kill
a: no special abilities


You were on level 2 of the Dungeon.
You visited 1 branch of the dungeon, and saw 3 of its levels.

You collected 103 gold pieces.


Innate Abilities, Weirdness & Mutations

You are immune to poison.
You have sharp fingernails.
Your flesh is cold resistant. (rC+)
You are immune to negative energy. (rN+++)
You do not regenerate when monsters are visible.
You are immune to unholy pain and torment.
You thrive by killing the living.


   Skills:
 - Level 2.0 Fighting
 - Level 1.2 Armour
 - Level 1.7 Dodging
 - Level 2.1 Stealth
 + Level 5.0 Unarmed Combat
 - Level 1.7 Spellcasting
 - Level 0.7 Conjurations
 - Level 2.4 Fire Magic


You had 6 spell levels left.
You knew the following spells:

 Your Spells              Type           Power      Damage    Failure   Level
a - Foxfire               Conj/Fire      12%        2x1d4     100%        1

Your spell library contained the following spells:

 Spells                   Type           Power      Damage    Failure   Level
 Scorch                   Fire           8%         2d5       100%        2
 Conjure Flame            Conj/Fire      3%         6-21      100%        3
 Inner Flame              Hex/Fire       2%         N/A       100%        3
 Flame Wave               Conj/Fire      3%         2d5       100%        4

Inventory:

Armour
 h - a +0 plate armour (worn)
 i - a +0 pair of boots (worn)
Scrolls
 j - a scroll of identify
Potions
 b - a potion of lignification {unknown}
 c - a potion of degeneration {unknown}
 d - 3 potions of curing
 e - a potion of mutation
 f - a potion of brilliance {unknown}

Dungeon Overview and Level Annotations

Branches:
Dungeon (3/15)

Altars:


Message History

You miss something. Something hits you but does no damage.
You miss something.
You hear some strange, mumbled words.
Something tries to affect you, but you resist.
You miss something. You miss something. Something hits you.
Something burns you.
You closely miss something. Something hits you. Something burns you.
You barely miss something. Your claw misses something.
You hear some strange, mumbled words.
A puff of flame appears from out of thin air!
The puff of flame hits you.
You closely miss something. Your claw misses something.
Something hits you but does no damage.
You barely miss something. Something hits you but does no damage.
You closely miss something. Something hits you but does no damage.
You miss something. Something hits you. Something burns you.
You barely miss something. Something hits you but does no damage.
You barely miss something.
A hobgoblin comes into view.
Something hits you but does no damage.
3038 ||| FLEEEEING.
The hobgoblin shouts!
Something hits you but does no damage.
There is a stone staircase leading up here.
3040 ||| STAIRDANCE You hear some strange, mumbled words.
You are confused.
You climb upwards.
Reactivating autopickup.
There is a stone staircase leading down here.
You start waiting.
Something hits you.
You die...

#####.# ######.####.###.#.#..#
##....# #........##.# #.......
##.##.# #.####.#.##.###.####.#
......# ###.####.......).......#
......####.....####.###########.#
##......##.#.#.# ##.......# ##.#
##......##.#.#.###...####.# #...
##...........#.#...#...##.# #...
##.............#@#.....##.# #...
.................)..#..##.####...
##.#####.>.......##...:..........
#.# #.........##..............
#.# #.........................
#.# #........####.#.##.####...
#.# #......?## #.#.##.# #... #.#
#############...##.# #... ##.####
#.....<..####.# #...


There were no monsters in sight!

Vanquished Creatures
  A scorpion (D:2)
  Natasha (twice) (D:3)
  A gnoll (D:1)
  2 adders (D:2)
  2 worms (D:2)
  6 dart slugs
  3 orcs
  3 ball pythons
  2 bats
  2 endoplasms
  2 giant cockroaches
  7 goblins
  5 hobgoblins
  2 jackals (D:1)
  A quokka (D:1)
  A frilled lizard (D:2)
  2 kobolds
  6 rats
50 creatures vanquished.

Notes
Turn   | Place    | Note
-------+----------+-------------------------------------------
     0 | D:1      | qw the Ghoul Fire Elementalist began the quest for the Orb.
     0 | D:1      | Reached XP level 1. HP: 14/14 MP: 2/2
     0 | D:1      | 0 ||| qw: Version: 0.1-a-90-g952f4b7
     0 | D:1      | 0 ||| qw: Game counter: 4010
     0 | D:1      | 0 ||| qw: Always use a shield: true
     0 | D:1      | 0 ||| qw: God list: Okawaru
     0 | D:1      | 0 ||| qw: Allow faded altars: false
     0 | D:1      | 0 ||| qw: Do Orc after D:15 true
     0 | D:1      | 0 ||| qw: Do second Lair branch before Depths: true
     0 | D:1      | 0 ||| qw: Lair rune preference: random
     0 | D:1      | 0 ||| qw: Plans: Normal
     0 | D:1      | 0 ||| PLANNING D:1-11
   122 | D:1      | Reached skill level 1 in Unarmed Combat
   159 | D:1      | Reached skill level 1 in Fighting
   159 | D:1      | Reached XP level 2. HP: 19/23 MP: 3/3
   282 | D:1      | 282 ||| Stepping ~*~*~tactically~*~*~ (stealth).
   296 | D:1      | Reached skill level 2 in Unarmed Combat
   423 | D:1      | 423 ||| Stepping ~*~*~tactically~*~*~ (hiding).
   525 | D:1      | 525 ||| Stepping ~*~*~tactically~*~*~ (hiding).
   627 | D:1      | 627 ||| Stepping ~*~*~tactically~*~*~ (hiding).
   729 | D:1      | 729 ||| Stepping ~*~*~tactically~*~*~ (hiding).
   831 | D:1      | 831 ||| Stepping ~*~*~tactically~*~*~ (hiding).
   933 | D:1      | 933 ||| Stepping ~*~*~tactically~*~*~ (hiding).
   934 | D:1      | 934 ||| Stepping ~*~*~tactically~*~*~ (hiding).
  1048 | D:1      | 1048 ||| Stepping ~*~*~tactically~*~*~ (hiding).
  1059 | D:1      | Reached XP level 3. HP: 28/28 MP: 4/4
  1091 | D:1      | Found a faded altar of an unknown god.
  1093 | D:1      | 1093 ||| Stepping ~*~*~tactically~*~*~ (stealth).
  1105 | D:1      | 1105 ||| Stepping ~*~*~tactically~*~*~ (stealth).
  1199 | D:1      | 1199 ||| Stepping ~*~*~tactically~*~*~ (hiding).
  1209 | D:1      | Reached skill level 3 in Unarmed Combat
  1303 | D:1      | 1303 ||| Stepping ~*~*~tactically~*~*~ (stealth).
  1510 | D:1      | 1510 ||| READING scroll labelled DOJAWY KEINOVIUWI.
  1511 | D:1      | 1511 ||| DRINKING 4 red potions.
  1512 | D:1      | 1512 ||| DROPPING potion of magic.
  1524 | D:2      | 1524 ||| STAIRDANCE
  1537 | D:2      | 1537 ||| STAIRDANCE
  1805 | D:2      | Reached XP level 4. HP: 35/35 MP: 5/5
  1850 | D:2      | Noticed a scorpion
  1851 | D:2      | 1851 ||| Stepping ~*~*~tactically~*~*~ (stealth).
  1852 | D:2      | 1852 ||| Stepping ~*~*~tactically~*~*~ (stealth).
  1860 | D:2      | Killed a scorpion
  1861 | D:2      | Reached skill level 4 in Unarmed Combat
  1861 | D:2      | Reached XP level 5. HP: 38/40 MP: 6/6
  1940 | D:2      | 1940 ||| Stepping ~*~*~tactically~*~*~ (hiding).
  2042 | D:2      | 2042 ||| Stepping ~*~*~tactically~*~*~ (hiding).
  2144 | D:2      | 2144 ||| Stepping ~*~*~tactically~*~*~ (hiding).
  2249 | D:2      | 2249 ||| Stepping ~*~*~tactically~*~*~ (stealth).
  2599 | D:2      | 2599 ||| UPGRADING to +0 pair of boots.
  2604 | D:2      | 2604 ||| READING scroll labelled HOBLUS XYIFI.
  2607 | D:2      | 2607 ||| READING 2 scrolls labelled WODENT JUAS.
  2608 | D:2      | 2608 ||| READING scroll labelled XORPHUCHU YGACW.
  2609 | D:2      | 2609 ||| DRINKING 2 coppery potions.
  2676 | D:3      | Noticed Natasha
  2677 | D:3      | 2677 ||| Stepping ~*~*~tactically~*~*~ (stealth).
  2692 | D:3      | Killed Natasha
  2693 | D:3      | Reached skill level 5 in Unarmed Combat
  2694 | D:3      | 2694 ||| FLEEEEING.
  2695 | D:3      | 2695 ||| STAIRDANCE
  2818 | D:2      | 2818 ||| UPGRADING to +0 chain mail.
  2828 | D:2      | 2828 ||| DROPPING +0 robe.
  2829 | D:2      | 2829 ||| UPGRADING to +0 plate armour.
  2839 | D:2      | 2839 ||| DROPPING +0 chain mail.
  2876 | D:3      | 2876 ||| Stepping ~*~*~tactically~*~*~ (stealth).
  2879 | D:3      | Noticed Natasha
  2883 | D:3      | 2883 ||| FLEEEEING.
  2884 | D:3      | 2884 ||| FLEEEEING.
  2885 | D:3      | 2885 ||| FLEEEEING.
  2886 | D:3      | 2886 ||| FLEEEEING.
  2887 | D:3      | 2887 ||| FLEEEEING.
  2888 | D:3      | 2888 ||| FLEEEEING.
  2889 | D:3      | 2889 ||| FLEEEEING.
  2890 | D:3      | 2890 ||| STAIRDANCE
  3001 | D:3      | 3001 ||| STAIRDANCE
  3015 | D:3      | Killed Natasha
  3016 | D:3      | Reached skill level 1 in Armour
  3030 | D:3      | HP: 10/41 [something (1)]
  3031 | D:3      | HP: 4/41 [something/puff of flame (6)]
  3035 | D:3      | HP: 1/41 [something (1)]
  3038 | D:3      | 3038 ||| FLEEEEING.
  3040 | D:3      | 3040 ||| STAIRDANCE
  3042 | D:2      | Slain by an orc wizard

Levels and vault maps discovered:
D:1:      psy_arrival_conway, layout_basic, hellmonk_ecumenical_altar_blasted,
          serial_park_tiny_2, minivault_24
D:2:      layout_loops_cross
D:3:      layout_rooms, uniq_natasha

Skill      XL: |  1  2  3  4  5 |
---------------+----------------+-----
Unarmed Combat | 1 2 3 4 5 |  5.0
Fighting       | 1 2 |  2.0
Armour         | 1 |  1.2
Dodging        | |  1.7
Stealth        | |  2.1
Spellcasting   | |  1.7
Conjurations   | |  0.7
Fire Magic     | |  2.4

Action                   |  1- 3 |  4- 6 || total
-------------------------+-------+-------++-------
Melee: Unarmed           |    82 |   108 ||   190
       Punch             |     1 |     2 ||     3
  Use: Scroll            |     1 |     3 ||     4
       Potion            |     1 |     1 ||     2
 Stab: Sleeping          |     1 |       ||     1
Armor: Robe              |     9 |     9 ||    18
       Plate armour      |       |    27 ||    27
Dodge: Dodged            |    36 |    31 ||    67

Table legend:
 A = Non-vault XP
 B = Vault XP
 C = Vault XP percentage of total XP
 D = Non-vault monster count
 E = Vault monster count
 F = Vault count percentage of total count
                 A         B        C        D         E       F
            +---------+---------+-------+---------+---------+-------
      Total |     257 |      36 |  12.3 |      49 |       1 |   2.0
            +---------+---------+-------+---------+---------+-------
        D:1 |      60 |       0 |   0.0 |      23 |       0 |   0.0
        D:2 |     152 |       0 |   0.0 |      21 |       0 |   0.0
        D:3 |      45 |      36 |  44.4 |       5 |       1 |  16.7
            +---------+---------+-------+---------+---------+-------
